[ AOE2 MATCH · #486249775 ]
1v1 RMGoths vs Japanese
Player's team · LOSS
Rival team · WIN
[ REPLAY ANALYSIS · EXTRACTED FROM THE RECORDED GAME ]
Feudal
9:58
Castle
33:15
Imperial
—
| APM avg | 47.4 |
| APM peak | 112 |
| eAPM avg | 18.3 |
| Villagers / military | 67 / 56 |
Focus
⚔️ 30.7% · 🌾 69.3%
Militia ×31 · Scout Cavalry ×14 · Knight ×11
Feudal
10:52
Castle
22:10
Imperial
—
| APM avg | 32.8 |
| APM peak | 68 |
| eAPM avg | 18.3 |
| Villagers / military | 81 / 91 |
Focus
⚔️ 32.0% · 🌾 68.0%
Spearman ×43 · Samurai ×23 · Battering Ram ×10 · Archer ×8 · Monk ×3 · Militia ×2
Match map
Initial resources + every placement click. Lines = walls · curves = elevation contours. ◆ gold · ⬟ stone · ● berries · ✦ relic · ◌ wall gap
Your base· Open — unwalled flank
yes415263's base· Open — unwalled flank
Smoothed initial terrain · ◌ = detected wall gap · hover for details
Inputs per minute
— chifi - - yes415263
Build order — chifi
First 150 of 209 actions detected
| 0:01 | Create | Villager (Male) |
| 0:02 | Create | Villager (Male) |
| 0:02 | Create | Villager (Male) |
| 0:02 | Create | Villager (Male) |
| 0:03 | Build | House |
| 0:06 | Build | House |
| 1:50 | Create | Villager (Male) |
| 2:02 | Build | Lumber Camp |
| 2:08 | Create | Villager (Male) |
| 2:51 | Create | Villager (Male) |
| 3:14 | Create | Villager (Male) |
| 3:47 | Build | House |
| 4:00 | Create | Villager (Male) |
| 4:00 | Create | Villager (Male) |
| 4:00 | Create | Villager (Male) |
| 4:50 | Create | Villager (Male) |
| 4:50 | Create | Villager (Male) |
| 5:19 | Create | Villager (Male) |
| 5:45 | Create | Villager (Male) |
| 5:46 | Create | Villager (Male) |
| 6:39 | Build | Mill |
| 6:56 | Create | Villager (Male) |
| 7:48 | Research | Feudal Age |
| 8:26 | Build | Barracks |
| 9:14 | Build | House |
| 9:27 | Create | Militia |
| 9:27 | Create | Militia |
| 9:27 | Create | Militia |
| 9:28 | Create | Militia |
| 9:31 | Create | Militia |
| 9:53 | Build | House |
| 9:58 | Age | Feudal Age |
| 10:03 | Create | Villager (Male) |
| 10:38 | Build | Barracks |
| 10:42 | Create | Villager (Male) |
| 10:42 | Create | Villager (Male) |
| 10:59 | Create | Villager (Male) |
| 11:02 | Build | House |
| 11:15 | Build | Farm |
| 11:42 | Research | Man-at-Arms (upgrade) |
| 11:45 | Create | Militia |
| 11:46 | Create | Militia |
| 12:08 | Build | House |
| 12:38 | Create | Villager (Male) |
| 12:38 | Create | Villager (Male) |
| 12:43 | Build | House |
| 12:46 | Create | Militia |
| 12:47 | Create | Militia |
| 13:39 | Create | Villager (Male) |
| 13:39 | Create | Villager (Male) |
| 13:44 | Build | House |
| 14:12 | Build | Farm |
| 14:15 | Create | Militia |
| 14:15 | Create | Militia |
| 14:40 | Create | Villager (Male) |
| 14:42 | Build | Farm |
| 14:48 | Build | Blacksmith |
| 14:51 | Create | Villager (Male) |
| 15:12 | Build | Farm |
| 15:17 | Build | Mining Camp |
| 15:29 | Create | Villager (Male) |
| 15:32 | Create | Militia |
| 15:32 | Create | Militia |
| 15:43 | Research | Scale Mail Armor |
| 15:59 | Build | Farm |
| 16:00 | Build | Farm |
| 16:02 | Create | Villager (Male) |
| 17:05 | Build | Farm |
| 17:06 | Create | Villager (Male) |
| 17:08 | Build | Farm |
| 17:21 | Build | Farm |
| 17:41 | Build | Farm |
| 17:42 | Create | Villager (Male) |
| 18:18 | Build | Farm |
| 18:34 | Build | House |
| 18:46 | Build | Watch Tower |
| 18:50 | Create | Villager (Male) |
| 19:10 | Create | Villager (Male) |
| 19:31 | Build | Farm |
| 19:42 | Build | Stable |
| 19:53 | Create | Villager (Male) |
| 19:54 | Create | Villager (Male) |
| 20:26 | Create | Villager (Male) |
| 20:46 | Research | Scale Barding Armor |
| 20:53 | Build | Stable |
| 20:57 | Build | Farm |
| 20:59 | Create | Villager (Male) |
| 21:12 | Create | Villager (Male) |
| 21:23 | Create | Scout Cavalry |
| 21:23 | Create | Scout Cavalry |
| 21:24 | Create | Scout Cavalry |
| 21:25 | Create | Scout Cavalry |
| 21:26 | Create | Scout Cavalry |
| 21:37 | Create | Villager (Male) |
| 21:47 | Build | Mining Camp |
| 21:52 | Create | Scout Cavalry |
| 21:52 | Create | Scout Cavalry |
| 21:52 | Create | Scout Cavalry |
| 21:57 | Create | Villager (Male) |
| 22:07 | Build | Farm |
| 22:09 | Create | Villager (Male) |
| 22:20 | Create | Villager (Male) |
| 22:36 | Create | Scout Cavalry |
| 22:51 | Create | Villager (Male) |
| 22:53 | Build | Farm |
| 22:55 | Build | Farm |
| 23:05 | Create | Villager (Male) |
| 23:16 | Build | House |
| 23:27 | Create | Villager (Male) |
| 23:41 | Build | Farm |
| 23:43 | Research | Horse Collar |
| 23:50 | Build | Farm |
| 23:55 | Build | Farm |
| 23:59 | Research | Bloodlines |
| 24:21 | Build | Watch Tower |
| 24:48 | Create | Scout Cavalry |
| 24:48 | Create | Scout Cavalry |
| 25:17 | Build | Farm |
| 25:26 | Build | Lumber Camp |
| 25:28 | Create | Villager (Male) |
| 25:28 | Create | Villager (Male) |
| 25:43 | Create | Militia |
| 25:43 | Create | Militia |
| 25:46 | Create | Villager (Male) |
| 25:50 | Build | Farm |
| 25:51 | Create | Villager (Male) |
| 25:51 | Create | Villager (Male) |
| 27:16 | Build | Farm |
| 27:21 | Create | Villager (Male) |
| 27:21 | Create | Villager (Male) |
| 27:21 | Create | Villager (Male) |
| 27:23 | Create | Scout Cavalry |
| 27:24 | Create | Scout Cavalry |
| 27:24 | Create | Scout Cavalry |
| 27:38 | Create | Villager (Male) |
| 27:47 | Build | House |
| 27:48 | Build | House |
| 27:50 | Build | House |
| 27:52 | Create | Villager (Male) |
| 27:55 | Build | Farm |
| 28:00 | Build | House |
| 28:16 | Build | Farm |
| 28:24 | Build | House |
| 28:36 | Create | Villager (Male) |
| 28:52 | Build | Farm |
| 28:56 | Create | Militia |
| 28:57 | Create | Militia |
| 28:57 | Create | Militia |
| 30:03 | Build | Farm |
| 30:06 | Build | Mill |
Build order — yes415263
First 150 of 261 actions detected
| 0:01 | Create | Villager (Male) |
| 0:01 | Create | Villager (Male) |
| 0:01 | Create | Villager (Male) |
| 0:02 | Build | House |
| 0:04 | Build | House |
| 0:51 | Create | Villager (Male) |
| 0:51 | Create | Villager (Male) |
| 1:16 | Create | Villager (Male) |
| 1:17 | Create | Villager (Male) |
| 1:59 | Create | Villager (Male) |
| 1:59 | Create | Villager (Male) |
| 2:24 | Create | Villager (Male) |
| 2:25 | Create | Villager (Male) |
| 2:36 | Build | Lumber Camp |
| 2:45 | Create | Villager (Male) |
| 2:45 | Create | Villager (Male) |
| 3:10 | Create | Villager (Male) |
| 3:10 | Create | Villager (Male) |
| 3:51 | Build | House |
| 3:52 | Build | House |
| 3:54 | Build | House |
| 3:56 | Create | Villager (Male) |
| 3:56 | Create | Villager (Male) |
| 4:11 | Create | Villager (Male) |
| 4:12 | Create | Villager (Male) |
| 4:12 | Create | Villager (Male) |
| 4:12 | Create | Villager (Male) |
| 4:12 | Create | Villager (Male) |
| 4:49 | Build | Mill |
| 5:10 | Build | Palisade Wall |
| 5:12 | Create | Villager (Male) |
| 5:44 | Build | Palisade Gate |
| 5:53 | Build | Palisade Wall |
| 6:16 | Create | Villager (Male) |
| 6:16 | Create | Villager (Male) |
| 6:16 | Create | Villager (Male) |
| 6:17 | Create | Villager (Male) |
| 6:25 | Build | House |
| 6:48 | Build | Mill |
| 7:12 | Build | Mining Camp |
| 7:13 | Create | Villager (Male) |
| 7:37 | Create | Villager (Male) |
| 7:56 | Build | House |
| 8:42 | Research | Feudal Age |
| 8:43 | Research | Feudal Age |
| 9:44 | Build | Barracks |
| 9:52 | Create | Villager (Male) |
| 9:52 | Create | Villager (Male) |
| 9:52 | Research | Loom |
| 10:52 | Age | Feudal Age |
| 10:59 | Build | Stable |
| 11:02 | Create | Spearman |
| 11:41 | Research | Man-at-Arms (upgrade) |
| 11:42 | Create | Militia |
| 11:42 | Create | Militia |
| 11:57 | Build | Archery Range |
| 12:50 | Create | Archer |
| 12:51 | Create | Archer |
| 12:51 | Create | Archer |
| 12:51 | Create | Archer |
| 13:05 | Create | Villager (Male) |
| 13:06 | Create | Villager (Male) |
| 14:30 | Create | Villager (Male) |
| 14:30 | Create | Villager (Male) |
| 14:31 | Create | Villager (Male) |
| 14:31 | Create | Villager (Male) |
| 14:58 | Build | Blacksmith |
| 15:05 | Build | Farm |
| 15:07 | Build | Farm |
| 15:21 | Build | Palisade Gate |
| 15:27 | Build | Palisade Wall |
| 15:35 | Build | Palisade Wall |
| 15:39 | Build | Palisade Wall |
| 15:41 | Build | Palisade Wall |
| 15:54 | Research | Fletching |
| 16:04 | Create | Villager (Male) |
| 16:05 | Create | Villager (Male) |
| 16:12 | Create | Scout Cavalry |
| 16:13 | Create | Scout Cavalry |
| 16:18 | Create | Archer |
| 17:34 | Build | Farm |
| 17:35 | Build | Farm |
| 17:36 | Build | Farm |
| 17:38 | Build | Farm |
| 17:41 | Create | Archer |
| 17:42 | Create | Archer |
| 17:42 | Create | Archer |
| 17:49 | Build | House |
| 18:41 | Build | Market |
| 19:05 | Build | House |
| 19:06 | Build | House |
| 19:07 | Build | House |
| 19:15 | Build | Lumber Camp |
| 19:30 | Research | Castle Age |
| 19:30 | Research | Castle Age |
| 19:30 | Research | Castle Age |
| 19:39 | Build | Mining Camp |
| 19:51 | Build | Barracks |
| 20:06 | Build | House |
| 20:07 | Build | House |
| 20:21 | Research | Double-Bit Axe |
| 20:32 | Research | Horse Collar |
| 21:16 | Build | Farm |
| 21:38 | Build | Barracks |
| 21:42 | Build | House |
| 22:10 | Age | Castle Age |
| 22:18 | Create | Villager (Male) |
| 22:19 | Create | Villager (Male) |
| 22:19 | Create | Villager (Male) |
| 22:19 | Create | Villager (Male) |
| 22:19 | Create | Villager (Male) |
| 22:34 | Build | Town Center |
| 22:52 | Build | Farm |
| 23:03 | Build | Palisade Wall |
| 23:06 | Research | Squires |
| 23:24 | Build | Farm |
| 24:00 | Build | Monastery |
| 24:03 | Create | Villager (Male) |
| 24:04 | Create | Villager (Male) |
| 24:04 | Create | Villager (Male) |
| 24:27 | Create | Villager (Male) |
| 24:29 | Create | Villager (Male) |
| 24:29 | Create | Villager (Male) |
| 24:32 | Create | Spearman |
| 24:32 | Create | Spearman |
| 24:54 | Create | Monk |
| 25:08 | Create | Spearman |
| 25:08 | Create | Spearman |
| 25:08 | Create | Spearman |
| 25:17 | Build | Farm |
| 25:33 | Create | Spearman |
| 25:33 | Create | Spearman |
| 25:33 | Create | Spearman |
| 25:50 | Build | Castle |
| 27:11 | Research | Pikeman (upgrade) |
| 27:20 | Build | Farm |
| 27:25 | Build | Farm |
| 27:28 | Build | Farm |
| 27:32 | Build | Farm |
| 27:33 | Build | Farm |
| 27:53 | Build | Farm |
| 28:03 | Create | Spearman |
| 28:03 | Create | Spearman |
| 28:03 | Create | Spearman |
| 28:03 | Create | Spearman |
| 28:03 | Create | Spearman |
| 28:04 | Create | Spearman |
| 28:13 | Build | Barracks |
| 28:21 | Build | House |
| 28:24 | Build | House |
Match timeline
| 5:10 | yes415263 · wall_segment Palisade Wall x27 |
| 5:53 | yes415263 · wall_segment Palisade Wall x5 |
| 8:26 | chifi · first_building Barracks |
| 9:44 | yes415263 · first_building Barracks |
| 9:58 | chifi · age_up feudal |
| 10:52 | yes415263 · age_up feudal |
| 10:59 | yes415263 · first_building Stable |
| 11:57 | yes415263 · first_building Archery Range |
| 15:27 | yes415263 · wall_segment Palisade Wall x8 |
| 15:35 | yes415263 · wall_segment Palisade Wall x2 |
| 15:39 | yes415263 · wall_segment Palisade Wall x1 |
| 15:41 | yes415263 · wall_segment Palisade Wall x1 |
| 19:19 | yes415263 · first_market_buy 100 food |
| 19:21 | yes415263 · first_market_sell 100 wood |
| 19:42 | chifi · first_building Stable |
| 22:10 | yes415263 · age_up castle |
| 23:03 | yes415263 · wall_segment Palisade Wall x5 |
| 24:00 | yes415263 · first_building Monastery |
| 25:50 | yes415263 · first_building Castle |
| 30:28 | yes415263 · first_building Siege Workshop |
| 33:15 | chifi · age_up castle |
| 35:29 | yes415263 · wall_segment Palisade Wall x1 |
| 35:54 | yes415263 · wall_segment Palisade Wall x5 |
| 36:12 | chifi · first_building Castle |
| 37:49 | chifi · resign |
[ AI ANALYSIS · 1 CREDIT ]
What really happened in this match?
Wolo.gg analyzes every decision: build order, eco, micro, common mistakes by bracket. Personalized analysis on WhatsApp or Discord in 30 seconds.
Civ guide
Goths
Map guide
Arabia
Perfil
chifi